 Dungeon Crawl Stone Soup version 0.17.1-3-g152610e (webtiles) character file.

67 Yevrel the Conjurer (level 4, 0/27 HPs)
             Began as a High Elf Conjurer on Apr 4, 2016.
             Was an Initiate of Sif Muna.
             Slain by a ball python (1 damage)
             ... on level 3 of the Dungeon.
             The game lasted 00:09:35 (1813 turns).

Yevrel the Conjurer (High Elf Conjurer)             Turns: 1813, Time: 00:09:35

Health: 0/27       AC:  2    Str:  7    XL:     4   Next: 0%
Magic:  1/9        EV: 10    Int: 20    God:    Sif Muna [......]
Gold:   65         SH:  0    Dex: 15    Spells: 3 memorised, 2 levels left

rFire  . . .     SeeInvis .     e - +0 short sword
rCold  . . .     Clarity  .     (no armour)
rNeg   . . .     SustAt   .     (no shield)
rPois  .         Gourm    .     (no helmet)
rElec  .         Spirit   .     n - +0 cloak
rCorr  .         Warding  .     (no gloves)
rMut   .         Stasis   .     q - +0 pair of boots
MR     .....                    (no amulet)
Stlth  ++........               (no ring)
                                (no ring)

@: constricted, not resistant to hostile enchantments, unstealthy
A: no striking features
a: Renounce Religion


You were on level 3 of the Dungeon.
You worshipped Sif Muna.
Sif Muna was noncommittal.
You were not hungry.

You visited 1 branch of the dungeon, and saw 3 of its levels.

You collected 65 gold pieces.

Inventory:

Hand Weapons
 e - a +0 short sword (weapon)
 f - a +0 whip
 m - a +0 hunting sling
Missiles
 g - 24 sling bullets
Armour
 a - a +1 robe
 i - a +0 leather armour
 n - a +0 cloak (worn)
 q - a +0 pair of boots (worn)
Scrolls
 d - a scroll of identify
 l - 3 scrolls of amnesia
 s - a scroll of remove curse
Potions
 h - a potion of haste {unknown}
 k - a potion of poison {unknown}
 o - a potion of heal wounds {unknown}
 r - 3 potions of curing
 u - a potion of degeneration {unknown}
Books
 b - a book of Conjurations

   Spells                             Type                      Level
   a - Magic Dart                     Conjuration                  1
   b - Searing Ray                    Conjuration                  2
   c - Dazzling Spray                 Conjuration/Hexes            3
   d - Fulminant Prism                Conjuration/Hexes            4
   e - Iskenderun's Mystic Blast      Conjuration                  4
   f - Iskenderun's Battlesphere      Conjuration/Charms           5
 j - a book of Unlife

   Spells                             Type                      Level
   a - Recall                         Summoning/Translocation      3
   b - Animate Dead                   Necromancy                   4
   c - Control Undead                 Necromancy                   4
   d - Cigotuvi's Embrace             Necromancy                   5
   e - Death Channel                  Necromancy                   6
   f - Simulacrum                     Ice/Necromancy               6
Comestibles
 c - a bread ration
 p - 2 chunks of flesh
 t - a beef jerky


   Skills:
 + Level 0.4 Fighting
 + Level 0.1 Armour
 + Level 2.6 Dodging
 + Level 2.3 Stealth
 * Level 2.9 Spellcasting
 * Level 5.4 Conjurations


You had 2 spell levels left.
You knew the following spells:

 Your Spells              Type           Power        Failure   Level  Hunger
a - Magic Dart            Conj           ###.         1%          1    None
b - Searing Ray           Conj           ###...       2%          2    ##.....
c - Dazzling Spray        Conj/Hex       ##......     17%         3    ###....


Dungeon Overview and Level Annotations

Branches:
Dungeon (3/15)

Altars:
Ashenzari
Dithmenos
Kikubaaqudgha
Makhleb
Okawaru
Qazlal
Sif Muna
Xom
Yredelemnul


Message History

The ball python closely misses you.
* * * LOW HITPOINT WARNING * * *
The ball python constricts you.
The river rat twitches its whiskers.
The river rat barely misses you.
Drink which item? (? for menu, Esc to quit)
You feel better. The ball python barely misses you.
* * * LOW HITPOINT WARNING * * *
The ball python constricts you. The river rat bites you.
* * * LOW HITPOINT WARNING * * *
You escape the ball python's grasp.
You hear the rapid rusting of a distant drain.
The ball python bites you.
* * * LOW HITPOINT WARNING * * *
The ball python grabs you. The ball python constricts you.
Your attempt to break free from the ball python fails, but you feel that another attempt might succeed.
The ball python bites you.
* * * LOW HITPOINT WARNING * * *
The ball python constricts you. The ball python closely misses you.
You die...

.....# ##.#####...#####.....#.#
.....###........⌠...........#.#
..........#####...#####......>#
##...#...##...'#.#'...##..#####
#...#.###.8...#.#...8.##.#
#####.# #.._..#.#.._..##.# #
#....# #.8.8.#.#.8.8.##.# #
#....####...##.##...###.## ##
#....##.#####.@r#####....# #.
###....##........S.........# ###.
...........................###...
.......#######.....#########.....
###...÷............### #_.....8
.....................# ####.)...
#...##........#####..# #.####...
#...##........# #..# #.# ###.
#...##........# #..# #.# #.


You could see a river rat and a ball python.

Vanquished Creatures
  A gnoll (D:2)
  2 adders
  An ooze (D:1)
  2 giant geckos (D:3)
  A ball python (D:3)
  5 bats
  A giant cockroach (D:3)
  2 goblins
  4 hobgoblins (D:2)
  3 kobolds
  A quokka (D:2)
  8 rats
31 creatures vanquished.

Notes
Turn   | Place    | Note
--------------------------------------------------------------
     0 | D:1      | Yevrel the High Elf Conjurer began the quest for the Orb.
     0 | D:1      | Reached XP level 1. HP: 11/11 MP: 4/4
   116 | D:1      | Found a shattered altar of Ashenzari.
   226 | D:1      | Reached XP level 2. HP: 9/17 MP: 2/6
   277 | D:2      | Learned a level 2 spell: Searing Ray
   317 | D:2      | Reached skill level 5 in Conjurations
   584 | D:2      | Reached XP level 3. HP: 13/21 MP: 0/7
   890 | D:2      | Found a deep blue altar of Sif Muna.
   910 | D:2      | Became a worshipper of Sif Muna the Loreminder
   952 | D:2      | Learned a level 3 spell: Dazzling Spray
  1196 | D:3      | Found a shimmering altar of Xom.
  1199 | D:3      | Found an ancient bone altar of Kikubaaqudgha.
  1202 | D:3      | Found an iron altar of Okawaru.
  1205 | D:3      | Found a burning altar of Makhleb.
  1528 | D:3      | Found a stormy altar of Qazlal.
  1537 | D:3      | Found a basalt altar of Yredelemnul.
  1564 | D:3      | Found a shadowy altar of Dithmenos.
  1717 | D:3      | Reached XP level 4. HP: 18/27 MP: 0/9
  1807 | D:3      | HP: 1/27 [ball python (1)]
  1812 | D:3      | HP: 1/27 [ball python (2)]
  1813 | D:3      | Slain by a ball python

Action                   |  1- 3 |  4- 6 || total
-------------------------+-------+-------++-------
Melee: Short sword       |    28 |     3 ||    31
 Cast: Magic Dart        |    49 |     1 ||    50
       Searing Ray       |     3 |       ||     3
       Dazzling Spray    |       |     4 ||     4
  Use: Scroll            |     6 |       ||     6
       Potion            |       |     2 ||     2
  Eat: Bread ration      |     1 |       ||     1
